Map: Pillars of Gold LE

Players

AgentFSH

  • Race: Protoss Protoss
  • League: Silver
  • Spawn Location: 7:00

poppy - Winner!

  • Race: Terran Terran
  • League: Bronze
  • Spawn Location: 1:00

VOD

Have the link to the VOD?

Description

Time

  • Played on: Oct. 3, 2020, 2:43 p.m.
  • Length: 22:46
Show
View Real Time Build Order
Export as new Build Order

AgentFSH Protoss 

Build Orders:  

Get SALT Encoding   

  12  0:00  Probe  
  13  0:13  Probe  
  14  0:23  Pylon  
  14  0:25  Probe  
  15  0:41  Probe  
  16  0:50  Gateway  
  16  0:55  Probe (Chrono Boost)  
  17  1:02  Assimilator  
  18  1:05  Probe (Chrono Boost)  
  18  1:06  Pylon  
  18  1:10  Probe (Chrono Boost)  
  19  1:22  Probe (Chrono Boost)  
  20  1:30  Probe (Chrono Boost)  
  21  1:36  Probe  
  22  1:48  Probe  
  23  2:00  Probe  
  24  2:05  Assimilator  
  24  2:11  Nexus  
  24  2:12  Probe  
  25  2:20  Cybernetics Core  
  25  2:26  Gateway  
  24  2:31  Pylon  
  24  2:35  Pylon  
  24  2:55  Stalker  
  26  3:04  Probe (Chrono Boost)  
  27  3:13  Assimilator  
  27  3:15  Probe (Chrono Boost)  
  27  3:16  Stalker  
  27  3:19  Assimilator  
  30  3:22  Probe (Chrono Boost)  
  30  3:25  Probe (Chrono Boost)  
  32  3:33  Probe (Chrono Boost)  
  34  3:35  Sentry, Probe (Chrono Boost)  
  34  3:40  Probe (Chrono Boost)  
  37  3:41  Probe (Chrono Boost)  
  37  3:46  Probe  
  39  3:51  Probe  
  39  3:52  Stalker  
  42  3:58  Probe  
  42  4:01  Stalker  
  45  4:03  Probe  
  46  4:10  Probe  
  46  4:15  Probe, Warp Gate  
  48  4:22  Stalker, Probe  
  51  4:27  Probe  
  51  4:31  Stalker  
  54  4:34  Nexus  
  54  4:37  Pylon  
  55  4:38  Probe (Chrono Boost)  
  55  4:39  Probe (Chrono Boost)  
  56  4:50  Probe (Chrono Boost)  
  56  4:51  Probe (Chrono Boost)  
  56  4:52  Stalker  
  60  5:01  Stalker  
  60  5:06  Probe  
  63  5:07  Probe  
  64  5:19  Probe (Chrono Boost)  
  64  5:21  Probe (Chrono Boost)  
  66  5:31  Probe (Chrono Boost)  
  68  5:35  Probe (Chrono Boost)  
  68  5:37  Probe (Chrono Boost)  
  69  5:43  Probe (Chrono Boost)  
  71  5:50  Stalker x2  
  71  5:53  Probe (Chrono Boost)  
  71  5:54  Probe (Chrono Boost)  
  76  6:02  Probe (Chrono Boost)  
  76  6:03  Probe (Chrono Boost)  
  79  6:05  Probe (Chrono Boost)  
  79  6:09  Probe (Chrono Boost)  
  82  6:13  Probe x2 (Chrono Boost)  
  82  6:14  Probe (Chrono Boost)  
  82  6:17  Assimilator  
  83  6:21  Assimilator  
  83  6:23  Probe x2  
  85  6:25  Pylon  
  85  6:29  Pylon  
  85  6:34  Robotics Facility  
  85  6:45  Probe x2 (Chrono Boost)  
  85  6:46  Pylon  
  88  6:47  Probe (Chrono Boost)  
  88  6:49  Probe (Chrono Boost), Pylon  
  88  6:50  Probe (Chrono Boost)  
  88  6:51  Pylon  
  90  6:54  Pylon  
  90  6:58  Pylon  
  90  7:06  Pylon  
  90  7:22  Pylon  
  90  7:23  Pylon  
  90  7:24  Observer  
  90  7:25  Pylon  
  90  7:28  Nexus, Stalker x2  
  90  7:29  Robotics Bay  
  95  7:40  Forge  
  95  7:45  Immortal  
  95  7:47  Probe (Chrono Boost)  
  95  7:48  Probe (Chrono Boost)  
  95  7:49  Probe (Chrono Boost)  
  105  7:58  Probe (Chrono Boost)  
  105  7:59  Probe x2 (Chrono Boost)  
  105  8:03  Probe (Chrono Boost)  
  106  8:21  Stalker x2  
  106  8:22  Pylon  
  106  8:24  Gateway  
  106  8:26  Colossus  
  116  8:27  Extended Thermal Lance  
  116  8:30  Protoss Ground Weapons Level 1 (Chrono Boost)  
  116  8:39  Probe x3 (Chrono Boost)  
  116  8:40  Probe (Chrono Boost)  
  120  8:48  Gateway  
  123  8:50  Probe (Chrono Boost)  
  123  8:51  Gateway  
  123  8:52  Probe x3 (Chrono Boost)  
  123  8:55  Probe (Chrono Boost)  
  124  8:57  Nexus  
  124  9:00  Probe, Pylon  
  124  9:01  Probe  
  124  9:02  Probe, Pylon  
  128  9:06  Pylon  
  128  9:07  Probe  
  128  9:08  Stalker  
  128  9:09  Stalker  
  133  9:19  Colossus  
  133  9:22  Gateway  
  133  9:23  Gateway  
  139  9:26  Gateway  
  139  9:30  Gateway  
  139  9:33  Gateway  
  139  9:35  Gateway  
  139  9:38  Gateway  
  139  9:41  Twilight Council  
  139  9:44  Robotics Facility, Gateway  
  139  9:47  Gateway  
  139  9:48  Robotics Facility  
  139  10:05  Stalker x4, Assimilator  
  139  10:06  Stalker  
  149  10:10  Assimilator  
  149  10:33  Protoss Ground Armor Level 1 (Chrono Boost)  
  149  10:40  Phoenix  
  149  10:46  Forge  
  149  10:47  Forge  
  149  10:48  Stalker x6  
  149  10:49  Stalker x3  
  167  10:50  Stalker x5  
  167  10:52  Colossus  
  167  10:55  Colossus x2  
  195  11:26  Protoss Ground Weapons Level 2 (Chrono Boost)  
  193  12:08  Assimilator  
  177  12:10  Assimilator  
  177  12:13  Pylon  
  162  12:17  Pylon  
  150  12:22  Photon Cannon  
  150  12:24  Protoss Shields Level 1 (Chrono Boost), Photon Cannon  
  150  12:27  Photon Cannon  
  132  12:30  Photon Cannon  
  132  12:32  Photon Cannon  
  132  12:35  Shield Battery  
  108  12:39  Shield Battery  
  108  12:45  Gateway  
  108  12:46  Gateway  
  108  12:50  Gateway  
  108  12:52  Gateway  
  108  12:54  Gateway  
  108  12:55  Gateway  
  108  12:57  Gateway  
  108  12:59  Gateway  
  108  13:06  Stalker x5  
  108  13:07  Stalker x7, Nexus  
  108  13:08  Stalker x2, Colossus x3  
  108  13:10  Pylon  
  154  13:15  Pylon  
  154  13:50  Stalker  
  154  13:51  Photon Cannon, Stalker x4  
  154  13:52  Photon Cannon, Stalker x5  
  154  13:53  Photon Cannon, Stalker x3  
  154  13:54  Stalker x5  
  154  13:55  Stalker x2  
  192  13:56  Protoss Ground Weapons Level 3 (Chrono Boost)  
  192  13:57  Photon Cannon, Protoss Ground Armor Level 2 (Chrono Boost)  
  192  14:00  Shield Battery  
  192  14:01  Colossus  
  200  14:27  Assimilator  
  200  14:33  Assimilator  
  200  14:51  Protoss Shields Level 2 (Chrono Boost)  
  180  15:08  Stalker  
  180  15:09  Stalker x2  
  180  15:10  Stalker x3  
  180  15:11  Stalker x5  
  180  15:12  Stalker x2  
  179  15:16  Stalker  
  179  15:17  Stalker x3  
  179  15:18  Stalker x4  
  179  15:19  Stalker  
  179  15:26  Colossus x3  
  163  15:34  Stalker x3  
  163  15:35  Stalker x5  
  156  15:36  Stalker x4  
  156  15:37  Stalker  
  148  16:09  Stalker x4  
  148  16:10  Stalker x5  
  148  16:11  Stalker x4  
  168  16:13  Stalker  
  174  16:19  Colossus x3  
  162  16:39  Protoss Ground Armor Level 3 (Chrono Boost)  
  148  17:01  Stalker x4  
  148  17:02  Stalker x3  
  148  17:03  Stalker x3  
  148  17:04  Stalker  
  160  17:13  Colossus x2  
  160  17:15  Observer  
  157  17:20  Stalker x5  
  157  17:21  Stalker  
  155  17:29  Shield Battery  
  139  17:31  Shield Battery  
  139  17:32  Photon Cannon  
  139  17:34  Photon Cannon  
  139  17:35  Colossus  
  139  17:36  Photon Cannon  
  143  17:52  Stalker x4  
  143  17:53  Stalker x3  
  143  17:54  Stalker  
  159  18:10  Protoss Shields Level 3 (Chrono Boost)  
  159  18:14  Templar Archives  
  159  18:21  Stalker x3  
  159  18:22  Stalker x5  
  175  18:29  Colossus  
  149  18:37  Stalker x4  
  149  18:38  Stalker x2  
  115  18:48  Stalker x2  
  115  18:49  Stalker x3  
  101  19:04  High Templar x4  
  101  19:05  High Templar x7  
  101  19:06  High Templar x4  
  101  19:08  Stalker  
  101  19:09  Stalker  
  129  19:12  Archon x6  
  129  19:13  Archon  
  127  19:19  High Templar  
  129  19:25  Stalker, Archon  
  129  19:26  Stalker x3  
  129  19:28  Colossus  
  143  19:49  Nexus  
  143  19:50  Pylon  
  143  19:52  Pylon  
  143  20:01  Stalker x4  
  143  20:02  Stalker x4  
  143  20:03  Assimilator  
  143  20:06  Assimilator  
  159  20:08  Colossus  
  154  20:35  Photon Cannon  
  154  20:37  Photon Cannon  
  154  20:39  Photon Cannon  
  154  20:41  Photon Cannon  
  154  20:42  Stalker x3  
  154  20:44  Photon Cannon  
  154  20:46  Photon Cannon  
  154  20:49  Shield Battery  
  146  20:54  Shield Battery  
  108  20:58  Observer, Shield Battery  
  92  21:09  Stalker x3  
  92  21:10  Stalker x4  
  92  21:11  Stalker  
  94  21:12  Stalker x3  
  99  21:23  Stalker x4  
  99  21:27  Stalker  
  99  21:28  Stalker  
  75  21:55  Zealot  
  75  21:56  Zealot x5  
  75  21:57  Zealot x5  
  75  21:58  Zealot x3  
  75  21:59  Zealot  
  71  22:22  Cybernetics Core  
Show
View Real Time Build Order
Export as new Build Order

poppy Terran - Winner!

Build Orders:  

Get SALT Encoding   

  12  0:00  SCV  
  13  0:12  SCV  
  14  0:19  Supply Depot  
  14  0:24  SCV  
  15  0:41  Barracks, SCV  
  16  0:47  Refinery  
  16  0:54  Supply Depot  
  16  0:57  SCV  
  17  1:13  SCV  
  18  1:38  Marine  
  19  1:55  Marine  
  20  2:05  Command Center  
  20  2:13  SCV  
  21  2:25  SCV  
  21  2:29  Factory  
  22  2:31  Refinery  
  22  2:50  Barracks Tech Lab  
  22  3:04  Orbital Command  
  22  3:27  Barracks Tech Lab  
  22  3:29  Orbital Command  
  22  3:32  SCV  
  23  3:44  SCV  
  24  3:56  Siege Tank, SCV  
  24  4:00  Command Center  
  28  4:08  SCV  
  29  4:12  Factory  
  29  4:28  Siege Tank  
  32  4:32  SCV  
  32  4:34  Supply Depot  
  32  4:36  Supply Depot  
  33  4:38  SCV  
  33  4:44  SCV  
  35  4:51  SCV  
  36  4:57  Supply Depot, SCV  
  36  4:58  Refinery  
  37  5:00  Supply Depot  
  37  5:03  SCV  
  38  5:16  Hellion x2  
  38  5:20  Supply Depot  
  42  5:23  Orbital Command  
  42  5:24  Refinery  
  42  5:37  Hellion  
  42  5:38  Hellion  
  42  5:40  Armory  
  46  5:49  SCV  
  47  5:50  SCV x2  
  49  6:02  SCV x3  
  52  6:20  SCV x3, Command Center  
  55  6:26  Armory  
  55  6:30  Thor  
  55  6:32  SCV x3  
  64  6:33  Thor  
  64  6:37  Terran Vehicle Weapons Level 1  
  70  6:44  SCV x2  
  70  6:45  Infernal Pre-Igniter  
  72  6:47  Smart Servos  
  72  7:01  SCV, Refinery  
  72  7:02  SCV x2  
  75  7:14  SCV x3  
  78  7:19  Thor  
  78  7:22  Terran Vehicle And Ship Armor Level 1  
  84  7:26  SCV x3  
  84  7:27  Refinery  
  87  7:31  Supply Depot x2  
  87  7:32  Supply Depot  
  87  7:38  SCV x3  
  87  7:42  Engineering Bay  
  90  7:50  SCV  
  91  7:55  Supply Depot  
  91  8:02  SCV x4  
  95  8:12  Refinery  
  95  8:13  Thor x2  
  95  8:14  SCV x4  
  111  8:26  SCV x2  
  111  8:27  Supply Depot x2  
  113  8:28  Supply Depot  
  113  8:29  Supply Depot  
  113  8:35  Missile Turret  
  113  8:36  Missile Turret, Refinery  
  113  8:45  Missile Turret  
  113  8:50  Supply Depot  
  113  9:01  Missile Turret  
  113  9:09  Missile Turret  
  113  9:11  SCV  
  113  9:12  SCV x3  
  113  9:15  Missile Turret  
  117  9:19  Terran Vehicle Weapons Level 2  
  117  9:20  Terran Vehicle And Ship Armor Level 2  
  117  9:21  Thor x2  
  117  9:24  SCV x2  
  131  9:36  Missile Turret  
  131  9:37  Missile Turret  
  131  9:39  Sensor Tower  
  131  9:56  Factory  
  131  9:58  Factory  
  131  10:01  Factory  
  131  10:04  Hellion  
  131  10:05  Hellion  
  135  10:09  Sensor Tower  
  135  10:10  Hi-Sec Auto Tracking, Sensor Tower  
  135  10:20  Sensor Tower  
  135  10:23  Supply Depot  
  135  10:24  Supply Depot  
  135  10:25  Supply Depot  
  135  10:26  Hellion x2  
  139  10:29  Planetary Fortress  
  139  10:44  Factory  
  139  10:46  Factory  
  139  10:47  Supply Depot  
  139  10:48  Factory  
  139  10:51  Command Center  
  139  10:52  Sensor Tower  
  139  11:06  Factory Tech Lab  
  139  11:16  Factory Tech Lab  
  139  11:28  Factory Tech Lab  
  139  11:29  Factory Reactor  
  139  11:38  Factory Tech Lab  
  139  11:41  Factory Reactor  
  139  11:55  Hellion x4  
  139  11:56  Hellion x2  
  149  12:04  Command Center  
  127  12:16  Hellion  
  127  12:17  Hellion x4  
  127  12:18  Hellion  
  111  12:32  Hellion x2  
  111  12:33  Hellion x2  
  113  12:38  Hellion x5  
  113  12:39  Hellion  
  125  12:49  Command Center  
  125  12:52  Refinery  
  125  12:53  Hellion  
  125  12:54  Hellion x3  
  133  12:59  Hellion x3  
  133  13:00  Hellion x2  
  133  13:01  Hellion  
  133  13:04  Refinery  
  145  13:13  SCV  
  145  13:14  SCV x2  
  145  13:15  Hellion  
  150  13:20  Thor  
  150  13:21  Hellion x3, Thor x2  
  150  13:25  SCV  
  150  13:26  SCV x2  
  177  13:38  SCV x3  
  180  13:41  Thor  
  180  13:42  Thor x2  
  180  13:47  Refinery  
  198  13:50  SCV x2  
  200  14:04  Planetary Fortress  
  200  14:09  Orbital Command  
  200  14:12  Refinery  
  198  15:06  Terran Vehicle Weapons Level 3  
  190  15:07  Terran Vehicle And Ship Armor Level 3  
  170  15:14  Thor x4  
  170  15:15  Thor  
  170  15:16  Hellion x4  
  170  15:18  Hellion  
  146  15:37  Hellion x2  
  146  15:38  Hellion x2  
  146  15:40  Hellion  
  124  15:57  Thor x2, Hellion  
  124  15:58  Thor, Hellion  
  124  15:59  Hellion x4  
  124  16:00  Thor  
  152  16:18  Thor  
  152  16:19  Thor  
  152  16:20  Hellion x3  
  152  16:21  Hellion  
  164  16:31  Refinery  
  152  16:39  Thor  
  152  16:40  Thor x2  
  152  16:43  Thor  
  176  16:56  Hellion  
  176  16:57  Hellion x3  
  182  17:01  Thor  
  182  17:02  Thor  
  190  17:14  SCV  
  190  17:15  SCV x2  
  187  17:22  Thor  
  175  17:23  Thor x2  
  175  17:26  SCV, Thor  
  188  17:31  Command Center  
  188  17:38  Command Center  
  188  17:39  SCV  
  183  17:44  Thor x2  
  183  17:51  SCV  
  146  18:43  Thor x3, Hellion  
  146  18:44  Hellion x4, Thor x2  
  146  18:46  Refinery  
  172  19:05  Hellion x3, Thor  
  172  19:06  Hellion  
  174  19:11  Refinery  
  168  19:22  SCV x4  
  172  19:25  SCV  
  172  19:26  Thor x3, Hellion x2  
  172  19:27  Hellion  
  172  19:29  Hellion  
  199  19:34  SCV  
  198  20:50  Hellion  
  198  20:53  Hellion, Thor  
  198  20:54  Hellion x2  
  198  20:56  Hellion  
  198  20:57  Hellion x2, Thor  
  198  20:58  Hellion  
  194  21:12  Hellion  
  194  21:15  Hellion x2  
  198  21:19  Hellion  
  196  21:27  Refinery  
  196  21:31  Thor  
  196  21:32  Hellion x2  
  200  21:54  Refinery  
Tags
 
Add a new tag
Caveats
  • Supply blocks, unpowered buildings, or Contaminate may cause inaccurate times.
  • Supply counts are checked every 10 seconds.